 Dungeon Crawl Stone Soup version 0.19.1 (webtiles) character file.

252 galech the Chopper (level 5, -7/49 HPs)
             Began as a Deep Dwarf Fighter on Dec 8, 2016.
             Was an Initiate of Trog.
             Killed by Freeze
             ... invoked by azzavlup's ghost
              (16 damage)
             ... on level 4 of the Dungeon.
             The game lasted 00:09:13 (2223 turns).

galech the Chopper (Deep Dwarf Fighter)             Turns: 2223, Time: 00:09:14

Health: -7/49      AC:  6    Str: 20    XL:     5   Next: 89%
Magic:  4/4        EV:  9    Int:  9    God:    Trog [......]
Gold:   106        SH:  9    Dex: 12    Spells: 0 memorised, 4 levels left

rFire  . . .     SeeInvis .     a - +0 war axe
rCold  . . .     Gourm    .     q - +0 leather armour
rNeg   . . .     Faith    .     c - +0 shield
rPois  .         Spirit   .     l - +1 helmet
rElec  .         Reflect  .     (no cloak)
rCorr  .         Harm     .     (no gloves)
MR     .....                    x - +0 pair of boots
Stlth  +.........               (no amulet)
                                (no ring)
                                (no ring)

@: non-regenerating
A: damage resistance, recharge devices, sense surroundings 1, slow regeneration
3
a: Device Recharging, Burn Spellbooks, Renounce Religion


You were on level 4 of the Dungeon.
You worshipped Trog.
Trog was noncommittal.
You were not hungry.

You visited 1 branch of the dungeon, and saw 4 of its levels.

You collected 106 gold pieces.

Inventory:

Hand Weapons
 a - a +0 war axe (weapon)
Armour
 b - a +0 scale mail
 c - a +0 shield (worn)
 k - a +0 chain mail
 l - a +1 helmet (worn)
 q - a +0 leather armour (worn)
 x - a +0 pair of boots (worn)
Wands
 e - a wand of heal wounds (5/9)
Scrolls
 g - 3 scrolls of identify {unknown}
 i - a scroll of fear {unknown}
 p - a scroll of enchant weapon {unknown}
 r - a scroll of amnesia {unknown}
 s - a scroll of recharging {unknown}
Potions
 d - a potion of might
 h - a potion of heal wounds {unknown}
 m - a potion of agility {unknown}
 o - a potion of mutation {unknown}
 u - a potion of brilliance {unknown}
 v - a potion of invisibility {unknown}
 w - a potion of cancellation {unknown}
 z - a potion of lignification {unknown}
Comestibles
 f - 2 bread rations
 j - a royal jelly
 n - 2 meat rations
 t - 12 chunks of flesh


   Skills:
 + Level 3.1 Fighting
 + Level 4.8 Axes
 + Level 4.1 Armour
 + Level 1.2 Dodging
 + Level 4.5 Shields
 + Level 0.3 Evocations


You had 4 spell levels left.
You didn't know any spells.

Dungeon Overview and Level Annotations

Branches:
Dungeon (4/15)
 Temple: D:4-7

Altars:
Ashenzari
Trog

Annotations:
D:4 azzavlup's ghost, novice MfIE


Innate Abilities, Weirdness & Mutations

You are resistant to damage.
You can recharge devices by infusing magical energy.
You passively map a small area around you.
You do not regenerate.


Message History

Azzavlup's ghost is severely damaged.
Azzavlup's ghost hits you but does no damage.
Azzavlup's ghost hits you.
You miss azzavlup's ghost.
Azzavlup's ghost is severely damaged.
Azzavlup's ghost points at you and mumbles some strange words.
You are frozen.
You closely miss azzavlup's ghost.
Azzavlup's ghost is severely damaged.
You block azzavlup's ghost's attack.
You barely miss azzavlup's ghost.
Azzavlup's ghost is severely damaged.
Azzavlup's ghost hits you!
* * * LOW HITPOINT WARNING * * *
Azzavlup's ghost hits you but does no damage.
Charge which item? (? for menu, Esc to quit)
Your wand of heal wounds (0/9) glows for a moment and now has 5 charges.
Azzavlup's ghost points at you and mumbles some strange words.
You are frozen.
You die...

..###################
..'................>#
..#################.#
รท.# #.# ..# *
##########'## ..#
............# ..#
............# ..#
.......!....# ..#
.......@....# ..#
.......W....# ..#
............# ### *
....?.......#
............#
............#
,............#
............. , ,


You could see azzavlup's ghost.

Vanquished Creatures
  An orc priest (D:3)
  An iguana (D:4)
  Ijyb (D:2)
  A worker ant (D:4)
  3 adders
  2 oozes (D:3)
  4 worms (D:3)
  3 dart slugs (D:1)
  2 leopard geckos
  5 orcs
  3 giant cockroaches
  11 goblins
  7 hobgoblins
  4 jackals (D:1)
  A ball python (D:3)
  8 bats
  12 frilled lizards
  10 kobolds
  A leopard gecko skeleton (D:4)
  A quokka skeleton (D:4)
  7 rats
88 creatures vanquished.

Notes
Turn   | Place    | Note
-------+----------+-------------------------------------------
     0 | D:1      | galech the Deep Dwarf Fighter began the quest for the Orb.
     0 | D:1      | Reached XP level 1. HP: 20/20 MP: 1/1
    93 | D:1      | Reached XP level 2. HP: 16/27 MP: 2/2
   404 | D:1      | Reached XP level 3. HP: 29/33 MP: 3/3
  1257 | D:2      | Reached XP level 4. HP: 28/40 MP: 4/4
  1322 | D:2      | Noticed Ijyb
  1337 | D:2      | Killed Ijyb
  1494 | D:3      | Reached skill level 1 in Dodging
  1494 | D:3      | Reached XP level 5. HP: 12/49 MP: 5/5
  1836 | D:3      | Found a shattered altar of Ashenzari.
  1837 | D:3      | Found a bloodstained altar of Trog.
  1846 | D:3      | Became a worshipper of Trog the Wrathful
  2205 | D:4      | Noticed azzavlup's ghost (novice MfIE)
  2223 | D:4      | Killed from afar by azzavlup's ghost

Skill      XL: |  1  2  3  4  5 |
---------------+----------------+-----
Axes           | 3 4 |  4.8
Fighting       | 3 |  3.1
Shields        | 4 |  4.5
Armour         | 4 |  4.1
Dodging        | 1 |  1.2
Evocations     | |  0.3

Action                   |  1- 3 |  4- 6 || total
-------------------------+-------+-------++-------
Melee: War axe           |   158 |   148 ||   306
 Abil: Device Recharging |       |     1 ||     1
Evoke: Wand              |     1 |     4 ||     5
  Eat: Chunk             |     1 |       ||     1
       Bread ration      |       |     1 ||     1
Armor: Scale mail        |    32 |       ||    32
       Chain mail        |   120 |     4 ||   124
       Leather armour    |       |    31 ||    31
Dodge: Dodged            |    58 |    46 ||   104
Block: Shield            |   129 |    70 ||   199
